 Dungeon Sprint DCSS version 0.19-a0-593-gf2cdb02 (webtiles) character file.

2600000 Groucho the Axe Maniac (level 18, -43/182 HPs)
             Began as a Demonspawn Gladiator on June 10, 2016.
             Was a High Priest of Makhleb.
             Annihilated by a destroyer
             ... wielding a +9 great sword of slicing
              (225 damage)
             ... in the Dungeon (Sprint VIII: "Arena of Blood").
             The game lasted 00:01:06 (26 turns).

Groucho the Axe Maniac (Demonspawn Gladiator)         Turns: 26, Time: 00:01:06

Health: -43/182    AC: 10    Str: 17    XL:     18   Next: 15%
Magic:  18/18      EV: 33    Int: 10    God:    Makhleb [*****.]
Gold:   0          SH:  0    Dex: 20    Spells: 0 memorised, 17 levels left

rFire  . . .     SeeInvis .     l - +∞ Axe of Woe
rCold  . . .     Gourm    .     b - +0 leather armour
rNeg   + . .     Faith    .     (shield currently unavailable)
rPois  .         Spirit   .     c - +0 helmet
rElec  .         Dismiss  .     (no cloak)
rCorr  .         Reflect  .     (no gloves)
SustAt .         Harm     .     (boots unavailable)
MR     +....     NoTele   +     (no amulet)
Stlth  +++.......               (no ring)
                                (no ring)

@: somewhat resistant to hostile enchantments, fairly stealthy
A: hooves 3, molten scales 2, demonic guardian 2, negative energy resistance 1,
nightstalker 2
a: Minor Destruction, Lesser Servant of Makhleb, Major Destruction, Greater
Servant of Makhleb, Renounce Religion


You were in the Dungeon.
You worshipped Makhleb.
Makhleb was extremely pleased with you.
You were not hungry.

You visited 1 branch

Inventory:

Hand Weapons
 a - a +0 war axe
 l - the +∞ Axe of Woe (weapon)
   (You found it in the Dungeon)
Missiles
 d - 3 throwing nets (quivered)
Armour
 b - a +0 leather armour (worn)
 c - a +0 helmet (worn)
Scrolls
 k - a scroll of blinking
Potions
 e - a potion of curing
 g - a potion of heal wounds
 h - a potion of haste
 i - 2 potions of magic
 j - a potion of berserk rage
Comestibles
 f - a bread ration


   Skills:
 O Level 27 Fighting
 O Level 27 Axes
 - Level 1.7 Throwing
 + Level 18.8 Armour
 O Level 27 Dodging
 + Level 18.8 Unarmed Combat


You had 17 spell levels left.
You didn't know any spells.

Dungeon Overview and Level Annotations

Branches:
Dungeon (1/1)

Altars:
Makhleb


Innate Abilities, Weirdness & Mutations

You have hooves in place of feet.
You are mostly covered in molten scales. (AC +3, EV -1)
A demonic guardian rushes to your aid.
You resist negative energy. (rN+)
You are significantly more attuned to the shadows.


Message History

Your Unarmed Combat skill gained 2 levels and is now at level 18!
You have reached level 18!
Your experience leads to an increase in your attributes!
Increase (S)trength, (I)ntelligence, or (D)exterity?
You feel agile.
You hear a shout! x9
Unknown command.
You hear a shout! x4
The destroyer blinks!
You hear a shout! x7 2 ogres come into view.
You hear a shout! x10
An orc and a vampire knight come into view.
The destroyer is wielding a +9 great sword of slicing.
Items here: )))) ==== †††† A bag of meat comes into view.
It is wielding a +9 war axe.
The bag of meat shouts!
You hear a shout! x5
The destroyer hits you with a +9 great sword of slicing!!!!!
Ouch! That really hurt!
You die...

.. .. .. .. #.
.# #.. ..#
.###.. ..###.
......###......
..o..OV@)......
..o.#.))).#....
. #_.C._# .
#O....#
....._.....
......###......
.###.V ..###.
#.. ..# #.. ..#


You could see a destroyer, a large bag of meat (inner flame), 2 meat berserkers
and 2 bags of meat.

Vanquished Creatures
  4 ogres (D)
  8 orcs (D)
12 creatures vanquished.

Notes
Turn   | Place    | Note
--------------------------------------------------------------
     0 | D        | Groucho the Demonspawn Gladiator began the quest for the Orb.
     0 | D        | Reached XP level 1. HP: 16/16 MP: 1/1
     4 | D        | Became a worshipper of Makhleb the Destroyer
     7 | D        | Noticed a bag of meat
     7 | D        | Noticed a meat berserker
     7 | D        | Noticed a meat berserker
     9 | D        | Noticed a bag of meat
     9 | D        | Killed a meat berserker
     9 | D        | Reached skill level 15 in Fighting
     9 | D        | Gained mutation: You are slightly more attuned to the shadows. [demonic ancestry]
     9 | D        | Reached XP level 2. HP: 44/44 MP: 2/2
     9 | D        | Reached XP level 3. HP: 50/50 MP: 3/3
     9 | D        | Gained mutation: A weak demonic guardian rushes to your aid. [demonic ancestry]
     9 | D        | Reached XP level 4. HP: 57/57 MP: 4/4
     9 | D        | Gained mutation: You are partially covered in molten scales. (AC +1) [demonic ancestry]
     9 | D        | Reached XP level 5. HP: 63/63 MP: 5/5
     9 | D        | Reached XP level 6. HP: 70/70 MP: 6/6
     9 | D        | Reached XP level 7. HP: 76/76 MP: 7/7
     9 | D        | Gained mutation: A demonic guardian rushes to your aid. [demonic ancestry]
     9 | D        | Reached XP level 8. HP: 83/83 MP: 8/8
     9 | D        | Reached XP level 9. HP: 89/89 MP: 9/9
     9 | D        | Gained mutation: You have large cloven feet. [demonic ancestry]
     9 | D        | Reached XP level 10. HP: 96/96 MP: 10/10
     9 | D        | Reached XP level 11. HP: 102/102 MP: 11/11
     9 | D        | Gained mutation: You are mostly covered in molten scales. (AC +3, EV -1) [demonic ancestry]
     9 | D        | Reached XP level 12. HP: 110/110 MP: 12/12
     9 | D        | Gained mutation: You have hoof-like feet. [demonic ancestry]
     9 | D        | Reached XP level 13. HP: 116/116 MP: 13/13
    10 | D        | Noticed a bag of meat
    10 | D        | Killed a meat berserker
    10 | D        | Reached * piety under Makhleb
    10 | D        | Gained mutation: You have hooves in place of feet. [demonic ancestry]
    10 | D        | Reached XP level 14. HP: 66/129 MP: 14/14
    11 | D        | Noticed a bag of meat
    12 | D        | Killed a bag of meat
    13 | D        | Noticed a meat berserker
    14 | D        | Noticed a meat berserker
    14 | D        | Noticed a bag of meat
    14 | D        | Killed a bag of meat
    14 | D        | Reached ** piety under Makhleb
    14 | D        | Gained mutation: You are significantly more attuned to the shadows. [demonic ancestry]
    14 | D        | Reached XP level 15. HP: 72/139 MP: 15/15
    16 | D        | Reached *** piety under Makhleb
    17 | D        | Killed a meat berserker
    17 | D        | Reached skill level 27 in Axes
    17 | D        | Reached skill level 27 in Dodging
    17 | D        | Reached XP level 16. HP: 46/157 MP: 16/16
    17 | D        | Reached **** piety under Makhleb
    18 | D        | Killed a meat berserker
    18 | D        | Reached skill level 27 in Fighting
    18 | D        | Gained mutation: You resist negative energy. (rN+) [demonic ancestry]
    18 | D        | Reached XP level 17. HP: 174/174 MP: 17/17
    21 | D        | Noticed a destroyer
    23 | D        | Noticed a large bag of meat
    23 | D        | Reached ***** piety under Makhleb
    23 | D        | Reached XP level 18. HP: 182/182 MP: 18/18
    25 | D        | Noticed a meat berserker
    25 | D        | Noticed a meat berserker
    26 | D        | Noticed a destroyer
    26 | D        | Annihilated by a destroyer

Vault maps used:
D:        meatsprint

Skill      XL: |  1  2  3  4  5  6  7  8  9 10 11 12 13 14 15 16 17 |
---------------+----------------------------------------------------+-----
Fighting       | 15 17 19 23 27 | 27.0
Axes           | 19 21 23 27 | 27.0
Dodging        | 19 21 23 27 | 27.0
Armour         | 11 18 | 18.8
Unarmed Combat | 11 18 | 18.8
Throwing       | |  1.7

Action                   |  1- 3 |  4- 6 |  7- 9 | 10-12 | 13-15 | 16-18 || total
-------------------------+-------+-------+-------+-------+-------+-------++-------
Melee: Executioner's axe |     1 |       |       |       |     5 |     2 ||     8
